Map: Oxide LE

Players

DPGDark (Dark)

  • Race: Zerg Zerg
  • League: Master
  • Spawn Location: 7:00

Maru - Winner!

  • Race: Terran Terran
  • League: Master
  • Spawn Location: 1:00

Event: TSL 6

VOD

Have the link to the VOD?

Description

Time

  • Played on: Dec. 20, 2020, 3:53 p.m.
  • Length: 8:35

All games in this series

Show
View Real Time Build Order
Export as new Build Order

DPGDark Zerg 

Build Orders: Hatch First 

Get SALT Encoding   

  12  0:00  Drone  
  13  0:12  Overlord  
  13  0:16  Drone  
  14  0:30  Drone x2  
  16  0:49  Hatchery  
  15  0:52  Drone  
  15  0:55  Drone  
  18  0:57  Drone  
  18  1:09  Extractor  
  17  1:12  Spawning Pool  
  17  1:15  Drone  
  18  1:18  Drone  
  18  1:27  Drone  
  19  1:38  Drone  
  20  1:48  Drone  
  21  2:01  Queen x2  
  23  2:03  Zergling x4  
  27  2:10  Overlord  
  27  2:12  Drone  
  28  2:19  Hatchery  
  28  2:22  Drone  
  28  2:28  Drone  
  29  2:38  Drone x2  
  29  2:40  Queen  
  33  2:44  Metabolic Boost  
  33  2:49  Overlord  
  33  2:51  Drone  
  33  2:53  Drone  
  33  2:56  Drone  
  36  3:06  Overlord  
  36  3:08  Drone  
  38  3:12  Drone  
  38  3:13  Drone x2  
  38  3:16  Queen  
  38  3:17  Drone x2  
  44  3:31  Queen  
  47  3:34  Drone x3  
  49  3:42  Zergling x4  
  49  3:43  Extractor  
  49  3:44  Drone  
  51  3:49  Drone  
  51  3:50  Drone x5  
  57  3:57  Overlord  
  57  4:02  Queen, Evolution Chamber  
  58  4:03  Evolution Chamber  
  58  4:05  Drone  
  58  4:14  Queen  
  58  4:16  Drone x6  
  66  4:21  Overlord  
  66  4:31  Zerg Melee Weapons Level 1  
  66  4:34  Zerg Ground Armor Level 1, Overlord  
  65  4:40  Overlord  
  65  4:42  Overlord  
  65  4:44  Spore Crawler  
  64  4:46  Spore Crawler  
  64  4:47  Drone x2  
  65  4:53  Drone x2  
  65  4:54  Drone x6  
  73  5:00  Zergling x4  
  73  5:01  Drone x2  
  73  5:06  Hatchery  
  76  5:11  Drone x3  
  78  5:17  Zergling x10  
  75  5:34  Zergling x8  
  75  5:35  Zergling x4  
  69  5:56  Drone x2  
  71  5:59  Drone  
  73  6:04  Drone x3  
  73  6:07  Drone x2  
  73  6:10  Drone x2  
  79  6:16  Zergling x2  
  80  6:18  Zergling x4  
  80  6:22  Zergling x2  
  83  6:26  Lair  
  83  6:28  Zergling x6  
  83  6:29  Baneling Nest  
  83  6:30  Zergling x4  
  83  6:31  Zergling x2  
  88  6:35  Zergling x2  
  87  6:45  Zergling x2  
  87  6:46  Zergling x10  
  88  6:54  Zergling x6  
  88  6:56  Drone  
  88  7:00  Drone  
  88  7:01  Hatchery, Drone x2  
  91  7:06  Drone  
  94  7:09  Drone  
  95  7:15  Drone  
  88  7:23  Drone x4  
  88  7:24  Zergling x8  
  88  7:28  Baneling x5  
  88  7:29  Baneling x4  
  96  7:34  Overlord  
  96  7:36  Overlord  
  96  7:45  Extractor x2, Drone x2  
  96  7:46  Overlord  
  96  7:52  Overlord x2  
  96  7:53  Drone x8  
  95  8:08  Zergling x2  
  95  8:09  Zergling x14  
  96  8:15  Zergling x4  
Show
View Real Time Build Order
Export as new Build Order

Maru Terran - Winner!

Build Orders: Reaper Expand 

Get SALT Encoding   

  12  0:00  SCV  
  13  0:12  SCV  
  14  0:17  Supply Depot  
  14  0:24  SCV  
  15  0:39  Barracks, SCV  
  16  0:43  Refinery  
  16  0:51  SCV  
  17  1:03  SCV  
  18  1:15  SCV  
  19  1:27  Orbital Command, Reaper  
  20  1:39  Command Center  
  20  1:50  Supply Depot  
  20  1:52  SCV  
  21  1:59  Marine  
  22  2:04  SCV  
  23  2:09  Factory  
  23  2:16  SCV  
  23  2:19  Barracks Reactor  
  24  2:29  SCV  
  25  2:41  SCV  
  25  2:44  Command Center  
  26  2:51  Orbital Command  
  26  2:53  SCV  
  27  3:00  Starport  
  27  3:05  SCV  
  28  3:11  Hellion x2  
  32  3:17  Refinery, SCV  
  32  3:19  SCV  
  34  3:24  Marine  
  35  3:29  SCV  
  35  3:31  SCV  
  39  3:34  Hellion x2  
  39  3:37  Viking  
  43  3:41  SCV  
  43  3:43  Barracks Tech Lab, SCV  
  45  3:53  SCV  
  45  3:55  Orbital Command, SCV  
  47  4:01  Supply Depot, Hellion x2  
  51  4:05  SCV  
  52  4:11  Liberator  
  52  4:12  SCV  
  56  4:17  SCV  
  56  4:22  SCV  
  59  4:24  SCV  
  59  4:25  Hellion x2  
  59  4:27  Supply Depot  
  59  4:30  SCV  
  64  4:31  Marine  
  64  4:32  Stimpack  
  64  4:34  SCV  
  64  4:36  SCV  
  67  4:42  SCV  
  68  4:49  Barracks  
  68  4:50  Barracks  
  68  4:52  Factory Reactor  
  68  4:53  SCV  
  68  4:54  SCV  
  68  4:55  Supply Depot  
  68  4:57  Refinery  
  70  5:00  Starport Reactor  
  70  5:07  Supply Depot  
  70  5:08  SCV  
  70  5:09  Engineering Bay  
  70  5:10  Marine  
  70  5:11  Engineering Bay  
  70  5:12  SCV  
  73  5:24  Barracks, Orbital Command  
  73  5:27  Barracks  
  73  5:28  SCV, Marine  
  73  5:33  SCV  
  68  5:39  Terran Infantry Armor Level 1, Terran Infantry Weapons Level 1  
  68  5:41  Factory Reactor  
  62  5:45  SCV, Marine  
  62  5:47  Marine x2  
  62  5:49  SCV  
  65  5:50  SCV  
  65  5:54  Marine x2  
  65  5:56  Refinery  
  65  5:57  SCV  
  65  5:58  Supply Depot  
  65  6:03  SCV x2, Marine  
  66  6:05  Marine x2  
  66  6:06  Medivac x2  
  66  6:09  SCV  
  73  6:12  Barracks Reactor, Marine  
  73  6:13  Barracks Reactor  
  73  6:15  SCV x2  
  73  6:17  Supply Depot  
  73  6:18  Supply Depot  
  76  6:19  Marine  
  76  6:21  Hellion x2, SCV  
  82  6:26  Armory  
  82  6:27  SCV  
  82  6:28  SCV  
  82  6:30  Marine  
  82  6:31  Marine x2  
  82  6:32  Marine  
  88  6:33  SCV  
  88  6:39  SCV  
  90  6:40  SCV  
  90  6:45  SCV  
  90  6:46  Marine  
  87  6:48  Hellion x2, Marine x2  
  87  6:49  Marine  
  87  6:50  Marine  
  87  6:51  SCV  
  96  6:54  SCV  
  96  6:55  Medivac x2  
  96  6:56  Combat Shield, Marine x3  
  104  7:02  Supply Depot x2  
  104  7:03  SCV  
  104  7:04  Marine  
  104  7:05  Marine  
  104  7:06  Refinery, Marine x2  
  104  7:07  Marine  
  104  7:08  Marine  
  111  7:09  Widow Mine x2  
  111  7:14  Marine x2  
  117  7:21  Marine  
  114  7:23  Marine  
  114  7:24  Marine x2  
  114  7:25  SCV x2  
  114  7:26  SCV  
  114  7:29  Marine x2  
  120  7:30  Widow Mine  
  120  7:31  Factory, Medivac x2, Widow Mine, Marine  
  120  7:32  Marine x2  
  120  7:37  Supply Depot x2  
  133  7:39  Supply Depot  
  133  7:47  Command Center  
  133  7:49  Supply Depot  
  133  7:58  Marine x5  
  127  8:08  Marine x4  
  127  8:11  Widow Mine x2  
  134  8:13  SCV  
  134  8:16  Marine x3  
  134  8:17  Marine  
  134  8:19  SCV  
  141  8:20  SCV  
Tags
 
Add a new tag
Caveats
  • Supply blocks, unpowered buildings, or Contaminate may cause inaccurate times.
  • Supply counts are checked every 10 seconds.